 Dungeon Crawl Stone Soup version 0.17-a0-1460-g8163d8a (webtiles) character file.

709 Cryogen the Slasher (level 7, -2/57 HPs)
             Began as a Minotaur Fighter on June 30, 2015.
             Slain by a gnoll shaman
             ... wielding a +0 whip
              (6 damage)
             ... on level 3 of the Dungeon.
             The game lasted 00:12:24 (2315 turns).

Cryogen the Slasher (Minotaur Fighter)              Turns: 2315, Time: 00:12:24

Health: -2/57      AC: 13    Str: 23    XL:     7   Next: 40%
Magic:  6/6        EV:  7    Int:  5    God:
Gold:   152        SH: 10    Dex: 11    Spells: 0 memorised, 6 levels left

rFire  . . .     SeeInvis .     a - +0 long sword
rCold  . . .     Clarity  .     q - +0 chain mail
rNeg   . . .     SustAt   .     c - +0 shield
rPois  .         Gourm    .     (helmet restricted)
rElec  .         Spirit   .     l - +2 cloak
rCorr  .         Warding  .     (no gloves)
rMut   .         Stasis   .     (no boots)
MR     .....                    h - amulet of faith
Stlth  ..........               (no ring)
                                t - +2 ring of strength

@: lethally poisoned (-2 -> -2), not resistant to hostile enchantments,
extremely unstealthy
A: retaliatory headbutt, horns 2
a: no special abilities


You were on level 3 of the Dungeon.
You were not hungry.

You visited 1 branch of the dungeon, and saw 3 of its levels.

You collected 152 gold pieces.

Inventory:

Hand weapons
 a - a +0 long sword (weapon)
Armour
 c - a +0 shield (worn)
 l - a +2 cloak (worn)
 q - a +0 chain mail (worn)
Jewellery
 h - an amulet of faith (around neck)
 n - an uncursed ring of ice
 t - a +2 ring of strength (left hand)
Magical devices
 o - a wand of digging (11)
Scrolls
 b - a scroll of fog {unknown}
 g - a scroll of random uselessness {unknown}
 i - a scroll of enchant armour
 k - 2 scrolls of remove curse
 r - 2 scrolls of teleportation
 v - a scroll of identify {unknown}
Potions
 m - a potion of heal wounds {unknown}
 p - 2 potions of mutation {unknown}
 s - a potion of cancellation {unknown}
Books
 u - a Necronomicon

   Spells                             Type                      Level
   a - Haunt                          Necromancy/Summoning         7
   b - Borgnjor's Revivification      Necromancy                   8
   c - Death's Door                   Charms/Necromancy            8
   d - Necromutation                  Transmutation/Necromancy     8
Comestibles
 e - 3 bread rations
 f - a slice of pizza
 j - 2 meat rations


   Skills:
 - Level 3.6 Fighting
 * Level 6.6 Long Blades
 + Level 5.8 Armour
 + Level 3.7 Dodging
 + Level 5.5 Shields


You had 6 spell levels left.
You didn't know any spells.

Dungeon Overview and Level Annotations

Branches:
Dungeon (3/15)

Altars:
Sif Muna
Vehumet


Innate Abilities, Weirdness & Mutations

You reflexively headbutt those who attack you in melee.
You have a pair of horns on your head.


Message History

You feel sick. The gnoll hits you but does no damage.
The gnoll shaman calls upon its god to heal the gnoll.
The gnoll's wounds heal themselves!
The gnoll hits you but does no damage.
You closely miss the gnoll.
You headbutt the gnoll, but do no damage.
The gnoll hits you but does no damage.
You hit the gnoll shaman. You headbutt the gnoll shaman.
The gnoll shaman is moderately wounded.
The gnoll barely misses you. You block the gnoll shaman's attack.
Your shield prevents you from hitting the gnoll shaman.
The gnoll shaman is moderately wounded.
You block the gnoll's attack.
The gnoll hits you from afar with a spear.
* * * LOW HITPOINT WARNING * * *
The gnoll shaman barely misses you.
You barely miss the gnoll shaman.
The gnoll shaman is moderately wounded.
You feel sick. You block the gnoll's attack.
The gnoll shaman hits you with a whip.
You die...

#. .# #.≈≈≈ #. .# #.≈≈≈ #. .#
#.≈≈≈ #'##################)#
#.≈≈≈ #.))....)....)..g))).# .#
#.≈≈≈ #.......#)..)#.......#
.g#.≈≈≈ #.......#.).)#.......#
#'###≈≈
##########)'''#############...#≈≈
..........)...gg@.........#.g.#≈≈
≈≈≈≈≈≈≈)≈≈....≈≈≈≈≈≈≈≈≈≈≈≈#####≈≈
≈≈≈≈≈)≈≈≈≈....≈≈≈≈≈≈≈≈≈≈≈≈≈≈≈≈≈≈≈
≈≈≈≈≈≈≈≈≈≈....≈≈≈≈≈≈≈≈≈≈≈≈≈≈≈≈≈≈≈
.................................
#............####################
########.##### ### #)# ..# #.#


You could see a gnoll shaman and a gnoll.

Vanquished Creatures
  Sigmund (D:2)
  The ghost of Eglamore the Cudgeler, an average TrBe of Trog (D:3)
  A gnoll sergeant (D:3)
  3 gnoll shamans (D:3)
  21 gnolls (D:3)
  An ooze (D:3)
  2 worms (D:2)
  A giant gecko (D:1)
  2 orcs (D:3)
  2 giant cockroaches
  6 goblins
  9 hobgoblins
  28 jackals
  2 quokkas (D:3)
  6 bats
  3 giant newts
  6 kobolds
  11 rats
106 creatures vanquished.

Notes
Turn   | Place    | Note
--------------------------------------------------------------
     0 | D:1      | Cryogen the Minotaur Fighter began the quest for the Orb.
     0 | D:1      | Reached XP level 1. HP: 19/19 MP: 0/0
    72 | D:1      | Reached XP level 2. HP: 26/26 MP: 1/1
   270 | D:1      | Reached skill level 1 in Dodging
   877 | D:2      | Noticed Sigmund
   888 | D:2      | Killed Sigmund
   888 | D:2      | Reached skill level 4 in Long Blades
   888 | D:2      | Reached XP level 3. HP: 14/31 MP: 2/2
   888 | D:2      | Reached XP level 4. HP: 17/39 MP: 3/3
   888 | D:2      | Reached XP level 5. HP: 19/45 MP: 4/4
  1293 | D:2      | Found a radiant altar of Vehumet.
  1442 | D:3      | Found a faded altar to an unknown god.
  1486 | D:3      | Found a deep blue altar of Sif Muna.
  1730 | D:3      | Reached skill level 5 in Long Blades
  1861 | D:3      | Reached XP level 6. HP: 47/51 MP: 5/5
  1974 | D:3      | Noticed Eglamore's ghost (average TrBe)
  1990 | D:3      | Killed Eglamore's ghost
  1990 | D:3      | Reached skill level 5 in Armour
  2013 | D:3      | Reached skill level 5 in Shields
  2073 | D:3      | Reached skill level 6 in Long Blades
  2167 | D:3      | Reached XP level 7. HP: 31/57 MP: 6/6
  2315 | D:3      | Slain by a gnoll shaman

Vault maps used:
D:1:      minmay_arrival_four_houses, minmay_misc_feat_room
D:2:      lemuel_coloured_pillars_altar, serial_glass, glass_columns_b,
          glass_columns_b, uniq_sigmund
D:3:      lemuel_castle_with_subvaults, nicolae_overflow_hidden_temple,
          ecumenical_altar_2, first_bread

Action                   |  1- 3 |  4- 6 |  7- 9 || total
-------------------------+-------+-------+-------++-------
Melee: Long sword        |    66 |   175 |    48 ||   289
Evoke: Wand              |       |     1 |       ||     1
  Use: Scroll            |       |     3 |       ||     3
       Potion            |       |     1 |     1 ||     2
  Eat: Meat ration       |       |     1 |       ||     1
